 Dungeon Crawl Stone Soup version 0.18-a0-1773-gec4f98e (webtiles) character file.

527 M4edhros the Insei (level 7, -3/41 HPs)
             Began as an Octopode Necromancer on Apr 14, 2016.
             Slain by an ogre
             ... wielding a cursed -3 giant club
              (30 damage)
             ... on level 5 of the Dungeon.
             The game lasted 00:24:57 (2048 turns).

M4edhros the Insei (Octopode Necromancer)           Turns: 2048, Time: 00:24:58

Health: -3/41      AC:  1    Str:  7    XL:     7   Next: 23%
Magic:  15/19      EV: 12    Int: 18    God:
Gold:   189        SH:  0    Dex: 14    Spells: 3 memorised, 3 levels left

rFire  . . .     SeeInvis .     q - -2 spear (curse)
rCold  . . .     Gourm    .     (no shield)
rNeg   . . .     Faith    .     (helmet restricted)
rPois  .         Spirit   .     c - amulet of harm
rElec  .         Dismiss  .     l - ring of magical power
rCorr  .         Reflect  .     (no ring)
SustAt .         Harm     +     (no ring)
MR     .....                    (no ring)
Stlth  +++.......               (no ring)
                                (no ring)
                                (no ring)
                                (no ring)

@: about to teleport, not resistant to hostile enchantments, fairly stealthy
A: almost no armour, amphibious, 8 rings, constrict 8, camouflage 1, gelatinous
body 1
a: no special abilities


You were on level 5 of the Dungeon.
You were very hungry.

You visited 2 branches of the dungeon, and saw 6 of its levels.

You collected 189 gold pieces.

Inventory:

Hand Weapons
 k - a +0 hunting sling
 q - a cursed -2 spear (weapon)
Missiles
 e - 30 stones (quivered)
 n - 20 sling bullets
Jewellery
 c - an amulet of harm (around mantle)
 l - a ring of magical power (left tentacle)
Scrolls
 g - a scroll of amnesia
 i - 2 scrolls of magic mapping
 o - a scroll of identify
 p - a scroll of enchant weapon
 s - a scroll of fear {unknown}
Potions
 h - a potion of magic
Books
 a - a book of Necromancy

   Spells                             Type                      Level
   a - Pain                           Necromancy                   1
   b - Animate Skeleton               Necromancy                   1
   c - Vampiric Draining              Necromancy                   3
   d - Regeneration                   Charms/Necromancy            3
   e - Animate Dead                   Necromancy                   4
   f - Control Undead                 Necromancy                   4
Comestibles
 b - 3 bread rations
 d - 18 fruits
 f - a beef jerky


   Skills:
 - Level 2.0 Dodging
 - Level 2.6 Stealth
 + Level 7.3 Unarmed Combat
 - Level 2.0 Spellcasting
 - Level 4.0 Necromancy


You had 3 spell levels left.
You knew the following spells:

 Your Spells              Type           Power        Failure   Level  Hunger
a - Pain                  Necr           ###.         3%          1    #......
b - Regeneration          Chrm/Necr      #.........   24%         3    ###....
c - Vampiric Draining     Necr           ###.......   12%         3    ###....


Dungeon Overview and Level Annotations

Branches:
Dungeon (5/15)             Temple (1/1) D:5

Altars:
Ashenzari
Cheibriados
Dithmenos
Elyvilon
Kikubaaqudgha
Makhleb
Okawaru
Pakellas
Ru
Sif Muna
Trog
Vehumet
Zin
The Shining One

Shops:
D:3 }   D:4 %

Annotations:
D:3 Polymorph Terence! Yes! im going for Fedhas then, Terence


Innate Abilities, Weirdness & Mutations

You cannot wear most types of armour.
You are amphibious.
You can wear up to eight rings at the same time.
You can use your tentacles to constrict eight enemies at once.
Your skin changes colour to match your surroundings (Stealth).
Your rubbery body absorbs attacks (AC +1).


Message History

a scythe; a robe An ogre comes into view.
It is wielding a giant club.
All of the chunks of flesh in your inventory have rotted away.
The ogre shouts!
The ogre hits you with a giant club!
Enter note: joke.... runnning away from ogre and bumping into other ogre around corner Evoke which item? (* to show all) (? for menu, Esc to quit)
Okay, then.
Drink which item? (? for menu, Esc to quit)
Okay, then.
Read which item? (? for menu, Esc to quit)
As you read the scroll of teleportation, it crumbles to dust.
You feel strangely unstable. The ogre hits you with a giant club!
* * * LOW HITPOINT WARNING * * *
Drink which item? (? for menu, Esc to quit)
You feel better. The ogre barely misses you. x2
Drink which item? (? for menu, Esc to quit)
You feel better. The ogre hits you with a giant club!!
Ouch! That really hurt!
You die...

### ## #.# #.. #.##
##.# #.# #.# ...###
###...##.####.## ......
..........)..... ...###
##...#.#####.## #..# ##
#.# #.## ##.# . #.#
#... .#.# #...######
#.# #### .#.# #....O@.#
#.# ...# #.#####O# #.#
.### ##.#####.# #.# .#
#######..<.....######.#
.#
#.....#...............#
.#
#.###......###.########
.###.##..#....###.##
.......#...........#
####.##.##########)##


You could see 2 ogres.

Vanquished Creatures
  Sigmund (D:5)
  An ogre (D:4)
  A howler monkey (D:5)
  2 hounds
  Ijyb (D:3)
  An orc wizard (D:4)
  A worker ant (D:4)
  A hound skeleton (D:4)
  4 adders
  3 worms (D:2)
  A dart slug (D:1)
  4 giant geckos
  9 orcs
  2 ball pythons
  4 bats
  A giant cockroach (D:2)
  2 goblins
  3 hobgoblins
  3 jackals
  3 kobolds
  2 quokkas (D:3)
  3 giant newts (D:3)
  4 rats
57 creatures vanquished.

Notes
Turn   | Place    | Note
--------------------------------------------------------------
     0 | D:1      | M4edhros the Octopode Necromancer began the quest for the Orb.
     0 | D:1      | Reached XP level 1. HP: 11/11 MP: 3/3
    31 | D:1      | Reached skill level 1 in Unarmed Combat
   128 | D:2      | Reached XP level 2. HP: 10/17 MP: 0/5
   152 | D:2      | Reached skill level 2 in Unarmed Combat
   203 | D:2      | Found a white marble altar of Elyvilon.
   203 | D:2      | Found a shadowy altar of Dithmenos.
   248 | D:2      | Reached XP level 3. HP: 13/21 MP: 1/6
   253 | D:2      | Learned a level 3 spell: Regeneration
   612 | D:1      | Reached skill level 3 in Unarmed Combat
   825 | D:3      | Found an oddly glowing altar of Pakellas.
   825 | D:3      | Found Pakellas's Prime Provisions.
   923 | D:3      | Noticed Ijyb
   937 | D:3      | Killed Ijyb
   937 | D:3      | Reached XP level 4. HP: 11/27 MP: 7/7
   958 | D:3      | Found a faded altar to an unknown god.
  1049 | D:3      | Noticed Terence
  1067 | D:3      | Reached skill level 4 in Unarmed Combat
  1263 | D:4      | Noticed an ogre
  1271 | D:4      | Learned a level 3 spell: Vampiric Draining
  1278 | D:4      | Killed an ogre
  1278 | D:4      | Reached skill level 5 in Unarmed Combat
  1278 | D:4      | Reached XP level 5. HP: 27/31 MP: 8/8
  1289 | D:4      | First ogre killed, found terence with wand of polymorph, gonna poly my mushrooms
  1325 | D:4      | Found Usenuapp's Food Shoppe.
  1328 | D:4      | found shop with food... maybe xom then...
  1424 | D:4      | Reached XP level 6. HP: 29/36 MP: 3/9
  1618 | D:3      | found 10 fruits
  1618 | D:3      | fedhas for sure
  1682 | D:4      | Reached skill level 6 in Unarmed Combat
  1749 | D:5      | Entered Level 5 of the Dungeon
  1819 | D:5      | Found a staircase to the Ecumenical Temple.
  1836 | Temple   | Entered the Ecumenical Temple
  1842 | Temple   | not sure, without chei stat boosts i am not dealing enough dmg, but still its hard to survive without bodyguards, im gonna stick to fedhas
  1878 | D:5      | Noticed Sigmund
  1887 | D:5      | Killed Sigmund
  1887 | D:5      | Reached skill level 7 in Unarmed Combat
  1887 | D:5      | Reached XP level 7. HP: 27/41 MP: 9/10
  2046 | D:5      | joke.... runnning away from ogre and bumping into other ogre around corner
  2048 | D:5      | Slain by an ogre

Vault maps used:
D:1:      minmay_arrival_diagonal_passages
D:2:      gammafunk_temple_overflow_statue, first_bread, st_stairs_6
D:3:      ecumenical_altar_2, bh_chokoban, johnstein_pakellas_shop, uniq_iyjb,
          uniq_terence
D:4:      serial_shops, nicolae_shop_behind_doors
D:5:      minmay_temple_entry_nine_rooms, uniq_sigmund
Temple:   nicolae_temple_no_exploring_needed

Skill      XL: |  1  2  3  4  5  6 |
---------------+-------------------+-----
Unarmed Combat | 1 2 3 5 7 |  7.3
Dodging        | |  2.0
Stealth        | |  2.6
Spellcasting   | |  2.0
Necromancy     | |  4.0

Action                   |  1- 3 |  4- 6 |  7- 9 || total
-------------------------+-------+-------+-------++-------
Melee: Unarmed           |    18 |    16 |       ||    34
       Tentacles         |     5 |     7 |       ||    12
       Constrict         |     4 |     7 |       ||    11
       Spear             |     8 |    24 |     1 ||    33
Throw: Stone             |       |     1 |       ||     1
 Cast: Pain              |    44 |    47 |    12 ||   103
       Regeneration      |     4 |     9 |     3 ||    16
  Use: Potion            |     6 |       |     2 ||     8
       Scroll            |     6 |     2 |     1 ||     9
 Stab: Sleeping          |       |     1 |       ||     1
  Eat: Chunk             |     1 |     6 |       ||     7
Armor: Skin              |       |     7 |     1 ||     8
Dodge: Dodged            |    20 |    36 |     2 ||    58
